 Dungeon Crawl Stone Soup version 0.30-a0-782-ge64f9170bb (webtiles) character file.

Game seed: 14164513817543997718

70 Lavandula the Cudgeller (level 4, -5/35 HPs)
             Began as a Human Monk on Feb 21, 2023.
             Slain by an ogre
             ... wielding a +0 giant spiked club
              (17 damage)
             ... on level 2 of the Dungeon.
             The game lasted 00:01:55 (1305 turns).

Lavandula the Cudgeller (Human Monk)                Turns: 1305, Time: 00:01:55

Health: -5/35      AC: 10    Str: 13    XL:     4   Next: 44%
Magic:  4/4        EV:  3    Int: 10    God:
Gold:   8          SH:  0    Dex: 16    Spells: 3/3 levels left

rFire   . . .      SeeInvis .    a - +0 mace
rCold   . . .      Faith    .    (no shield)
rNeg    . . .      Spirit   .    i - +0 plate armour
rPois   .          Reflect  .    (no helmet)
rElec   .          Harm     .    (no cloak)
rCorr   .          Rampage  .    (no gloves)
Will    .....                    (no boots) Stlth
                                 (no amulet)
HPRegen 0.25/turn                (no ring)
MPRegen 0.09/turn                (no ring)

@: no status effects
A: no striking features
a: no special abilities


You were on level 2 of the Dungeon.
You visited 1 branch of the dungeon, and saw 2 of its levels.

You collected 8 gold pieces.

Inventory:

Hand Weapons
 a - a +0 mace (weapon)
Missiles
 g - a boomerang (quivered)
Armour
 b - a +0 robe
 e - a +0 ring mail
 f - a +0 chain mail
 i - a +0 plate armour (worn)
Scrolls
 d - a scroll of brand weapon {unknown}
 h - 2 scrolls of vulnerability {unknown}
 l - 2 scrolls of amnesia {unknown}
 m - a scroll of enchant armour {unknown}
 o - a scroll of identify {unknown}
Potions
 c - 2 potions of ambrosia
 k - a potion of degeneration {unknown}
 n - a potion of haste {unknown}


   Skills:
 - Level 3.0 Fighting
 + Level 4.9 Maces & Flails
 - Level 3.0 Dodging
 - Level 2.0 Stealth


You had 3 spell levels left.
You didn't know any spells.
Your spell library was empty.

Dungeon Overview and Level Annotations

Branches:
Dungeon (2/15)

Altars:


Message History

Press: ? - help, Q - select action Shift-Dir - straight line, f - ogre
Aim: an ogre, wielding a +0 giant spiked club (75% to hit)
You throw a boomerang. The boomerang hits the ogre.
The ogre is lightly wounded.
You aren't carrying any items that you can evoke.
Unknown command.
Throw: boomerang
Press: ? - help, Q - select action Shift-Dir - straight line, f/p - ogre
Aim: an ogre, wielding a +0 giant spiked club (lightly wounded, 75% to hit)
You throw a boomerang. The boomerang hits the ogre.
The ogre is lightly wounded.
Throw: boomerang
Press: ? - help, Q - select action Shift-Dir - straight line, f/p - ogre
Aim: an ogre, wielding a +0 giant spiked club (lightly wounded, 75% to hit)
You throw a boomerang.
The boomerang hits the ogre but does no damage.
The ogre is lightly wounded.
Throw: boomerang
Press: ? - help, Q - select action Shift-Dir - straight line, f/p - ogre
Aim: an ogre, wielding a +0 giant spiked club (lightly wounded, 75% to hit)
You throw a boomerang. The boomerang barely misses the ogre.
You barely miss the ogre.
The ogre is lightly wounded.
The ogre completely misses you.
You hit the ogre.
The ogre is moderately wounded.
The ogre hits you with a +0 giant spiked club.
You hit the ogre but do no damage.
The ogre is moderately wounded.
You closely miss the ogre.
The ogre is moderately wounded.
The ogre hits you with a +0 giant spiked club!
You hit the ogre.
The ogre is heavily wounded.
The ogre hits you with a +0 giant spiked club!!
Ouch! That really hurt!
* * * LOW HITPOINT WARNING * * *
It was a potion of curing.
You feel better.
The ogre hits you with a +0 giant spiked club!
You die...

#..............###
####..##.......#.#
#..##.####.##.#
#..##.####.#..#
#.......††....#
.......##.####....#
#####.###.####.#..#
#.# #......#..# #.#
######.#@.# #.
#.#O.# #. #.#..# #.
###..# #..# #..#
...# #.##


You could see an ogre.

Vanquished Creatures
  An adder (D:2)
  A worm (D:2)
  2 dart slugs (D:2)
  5 orcs (D:2)
  5 endoplasms
  4 giant cockroaches
  4 goblins
  4 hobgoblins
  4 jackals
  2 quokkas (D:2)
  2 bats (D:1)
  4 frilled lizards
  3 kobolds
  4 rats
45 creatures vanquished.

Notes
Turn   | Place    | Note
-------+----------+-------------------------------------------
     0 | D:1      | Lavandula the Human Monk began the quest for the Orb.
     0 | D:1      | Reached XP level 1. HP: 18/18 MP: 1/1
   258 | D:1      | Reached XP level 2. HP: 22/24 MP: 2/2
   446 | D:1      | Reached skill level 4 in Maces & Flails
   446 | D:1      | Reached XP level 3. HP: 8/29 MP: 3/3
   977 | D:2      | Reached XP level 4. HP: 34/35 MP: 4/4
  1295 | D:2      | Noticed an ogre
  1305 | D:2      | Slain by an ogre

Illustrated notes

Levels and vault maps discovered:
D:1:      minmay_arrival_widening_spiral_wide, layout_rooms
D:2:      minmay_roachtagon, layout_basic, minmay_tetromino_t2

Skill      XL: |  1  2 |
---------------+-------+-----
Maces & Flails | 4 |  4.9
Fighting       | |  3.0
Dodging        | |  3.0
Stealth        | |  2.0

Action                     |  1- 3 |  4- 6 || total
---------------------------+-------+-------++-------
  Melee: Mace              |   121 |    47 ||   168
         Punch             |     2 |     1 ||     3
  Throw: Boomerang         |     8 |     7 ||    15
    Use: Potion            |       |     1 ||     1
 Armour: Ring mail         |     9 |       ||     9
         Robe              |     1 |       ||     1
         Chain mail        |    88 |     5 ||    93
         Plate armour      |       |    16 ||    16
  Dodge: Dodged            |    55 |     8 ||    63

Table legend: (Time is in decaauts)
 A = Elapsed time spent in this place.
 B = Non-inter-level travel time spent in this place.
 C = Inter-level travel time spent in this place.
 D = Time resting spent in this place.
 E = Time spent auto-exploring this place.
 F = Levels seen in this place.
 G = Mean time per level.
                   A        B        C        D        E       F      G
               +--------+--------+--------+--------+--------+-----+--------+
         Total |   1341 |   1322 |     19 |      0 |    942 |   2 |  670.5 |
       Dungeon |   1341 |   1322 |     19 |      0 |    942 |   2 |  670.5 |
               +--------+--------+--------+--------+--------+-----+--------+

Top non-repeatable levels by time:
     D:2: 699 daAuts
     D:1: 642 daAuts
